 Dungeon Crawl Stone Soup version 0.31-a0-845-g9abc20d24f (webtiles) character file.

Game seed: 2812145835695091915

109 RepHenryClay the Changeling (level 4, -3/32 HPs)
             Began as a Merfolk Shapeshifter on Oct 2, 2023.
             Killed by divine providence
             ... invoked by an orc priest
              (12 damage)
             ... on level 4 of the Dungeon.
             The game lasted 00:04:56 (2038 turns).

RepHenryClay the Changeling (Merfolk Shapeshifter)  Turns: 2038, Time: 00:04:56

Health: -3/32      AC:  2    Str: 14    XL:     4   Next: 89%
Magic:  4/4        EV: 14    Int:  9    God:
Gold:   182        SH:  0    Dex: 15    Spells: 3/3 levels left

rFire   . .          .
                       - Unarmed
rCold   . . .        (no shield)
rNeg    . . .        a - +0 animal skin
rPois   .            (helmet currently unavailable)
rElec   .            (cloak currently unavailable)
rCorr   .            (gloves currently unavailable)
SInv    .            (boots currently unavailable)
Will    .....        (no amulet)
Stlth   +            (no ring)
HPRegen 0.25/turn    (no ring)
MPRegen 0.09/turn

%: no passive effects
@: mighty, beast-form
A: beast (slay +2), (nimble swimmer 2), mertail
a: Begin Untransformation


You were on level 4 of the Dungeon.
You were a hulking beast.
You visited 1 branch of the dungeon, and saw 4 of its levels.

You collected 182 gold pieces.

Inventory:

Missiles
 f - 2 throwing nets
 t - 9 poisoned darts
Armour
 a - a +0 animal skin (worn)
 o - a +0 pair of boots
 s - a +0 helmet
Jewellery
 q - an amulet of reflection
Talismans
 c - a beast talisman (active)
 d - a flux talisman
 u - a blade talisman
Scrolls
 j - a scroll of amnesia
 m - a scroll of teleportation {unknown}
 p - 2 scrolls of enchant armour {unknown}
 r - a scroll of enchant weapon {unknown}
 v - a scroll of brand weapon {unknown}
Potions
 b - 2 potions of lignification
 e - a potion of curing
 h - a potion of magic
 i - 2 potions of enlightenment
 k - a potion of attraction
 l - a potion of brilliance


   Skills:
 - Level 1.1 Fighting
 + Level 4.4 Dodging
 + Level 4.3 Unarmed Combat
 + Level 5.0 Shapeshifting


You had 3 spell levels left.
You didn't know any spells.
Your spell library contained the following spells:

 Spells                   Type           Power      Damage    Failure   Level
 Volatile Blastmotes      Fire/Tloc      0%         2d10      77%         3
 Fulminant Prism          Conj/Hex       0%         3d5       99%         4
 Iskenderun's Mystic Bla  Conj/Tloc      0%         2d3       99%         4


Dungeon Overview and Level Annotations

Branches:
Dungeon (4/15)
 Temple: D:4-7

Altars:
Vehumet

Shops:
D:1 *   D:2 [


Innate Abilities, Weirdness & Mutations

You are a hulking beast.
Your limbs bulge with bestial killing power. (Slay +2)
((You are very nimble when in or above water. (Stealth+, EV+, Speed+++)))
Your lower body shifts to a powerful aquatic tail in water.


Message History

j - a scroll of amnesia
Okay, then.
You climb downwards.
The orc hits you with a +0 hand axe.
The orc priest calls down the wrath of Beogh upon you.
Pain shoots through your body!
There is a stone staircase leading up here.
Damage: -9%(-3hp) hp: 91%(29hp)
You punch the orc!
You kill the orc!
The orc priest calls down the wrath of Beogh upon you.
Beogh smites you!
Huge Dmg: -41%(-13hp) hp: 50%(16hp)
You climb upwards.
There is a stone staircase leading down, spattered with blood here.
You start resting.
HP restored.
You climb downwards.
There is a stone staircase leading up here.
The orc priest looks satisfied for a moment.
You barely miss the orc priest. The orc priest hits you with a +0 whip.
Damage: -3%(-1hp) hp: 97%(31hp)
You hit the orc priest but do no damage.
The orc priest closely misses you.
You hit the orc priest.
The orc priest is lightly wounded.
The orc priest calls down the wrath of Beogh upon you.
Beogh smites you!
Huge Dmg: -25%(-8hp) hp: 72%(23hp)
You closely miss the orc priest.
The orc priest is lightly wounded.
The orc priest mumbles some strange prayers to Beogh against you.
Beogh smites you!
* * * LOW HITPOINT WARNING * * *
Huge Dmg: -43%(-14hp) hp: 29%(9hp) Welcome back, RepHenryClay the Merfolk Shapeshifter.
Press ? for a list of commands and other information.
You feel very mighty all of a sudden.
The orc priest calls down the wrath of Beogh upon you.
Beogh smites you!
You die...

#r..## #...##
####...#
##..)##..#
##.....##..#
##.......##..#
##.........#
..#
#..o........#
..
#.h.[.....###
. #..[....###
#<....###
#######


You could see an orc priest.

Vanquished Creatures
  5 adders
  A dart slug (D:3)
  4 orcs
  2 bats
  9 endoplasms
  2 giant cockroaches
  2 goblins
  7 hobgoblins
  3 kobolds (D:2)
  2 quokkas
  7 ball pythons
  A frilled lizard (D:2)
  7 rats
52 creatures vanquished.

Notes
Turn   | Place    | Note
-------+----------+-------------------------------------------
     0 | D:1      | RepHenryClay the Merfolk Shapeshifter began the quest for
                  | the Orb.
     0 | D:1      | Reached XP level 1. HP: 15/15 MP: 1/1
   166 | D:1      | Found Cuwumm's Assorted Antiques.
   241 | D:1      | Reached XP level 2. HP: 10/21 MP: 2/2
   740 | D:2      | Reached XP level 3. HP: 26/26 MP: 3/3
   955 | D:2      | Found Naokkex's Antique Armour Shoppe.
  1314 | D:3      | Reached XP level 4. HP: 32/32 MP: 4/4
  1355 | D:3      | Found a radiant altar of Vehumet.
  1747 | D:3      | Reached skill level 5 in Shapeshifting
  1851 | D:3      | HP: 1/32 [orc/+0 short sword (3)]
  2038 | D:4      | Killed from afar by an orc priest

Illustrated notes

Levels and vault maps discovered:
D:1:      dpeg_arrival_rooms_c, layout_loops_ring, serial_shops, shop
D:2:      layout_basic, serial_shops, shop, nicolae_the_louvre
D:3:      layout_basic, mainiacjoe_overflow_concentric_impassable,
          dk_noncrumbling_4, st_stairs_13
D:4:      layout_cave_pods

Skill      XL: |  1  2  3  4 |
---------------+-------------+-----
Dodging        | 3 4 |  4.4
Unarmed Combat | 4 |  4.3
Shapeshifting  | 5 |  5.0
Fighting       | |  1.1

Action                     |  1- 3 |  4- 6 || total
---------------------------+-------+-------++-------
  Melee: Unarmed           |    91 |    54 ||   145
         Punch             |     2 |     1 ||     3
    Use: Scroll            |       |     5 ||     5
         Potion            |       |     4 ||     4
   Stab: Sleeping          |     1 |     1 ||     2
 Armour: Animal skin       |    41 |    26 ||    67
  Dodge: Dodged            |    44 |    41 ||    85

Table legend: (Time is in decaauts)
 A = Elapsed time spent in this place.
 B = Non-inter-level travel time spent in this place.
 C = Inter-level travel time spent in this place.
 D = Time resting spent in this place.
 E = Time spent auto-exploring this place.
 F = Levels seen in this place.
 G = Mean time per level.
                   A        B        C        D        E       F      G
               +--------+--------+--------+--------+--------+-----+--------+
         Total |   2028 |   1923 |    105 |    154 |   1385 |   4 |  507.0 |
       Dungeon |   2028 |   1923 |    105 |    154 |   1385 |   4 |  507.0 |
               +--------+--------+--------+--------+--------+-----+--------+

Top non-repeatable levels by time:
     D:3: 830 daAuts
     D:1: 676 daAuts
     D:2: 465 daAuts
     D:4: 56 daAuts
